 Dungeon Crawl Stone Soup version 0.29-a0-919-gd064cfad1c (webtiles) character file.

Game seed: 12096776218026635462

28 Hubjo the Insei (level 3, 0/27 HPs)
             Began as a Demonspawn Transmuter on July 26, 2022.
             Slain by a kobold
             ... wielding a +0 dagger
              (4 damage)
             ... on level 1 of the Dungeon.
             The game lasted 00:00:55 (637 turns).

Hubjo the Insei (Demonspawn Transmuter)              Turns: 637, Time: 00:00:56

Health: 0/27       AC:  2    Str: 10    XL:     3   Next: 0%
Magic:  6/6        EV: 12    Int: 16    God:
Gold:   7          SH:  0    Dex: 13    Spells: 5/6 levels left

rFire   . . .      SeeInvis .     - Unarmed
rCold   . . .      Faith    .   (no shield)
rNeg    . . .      Spirit   .   a - +0 robe
rPois   .          Reflect  .   (helmet restricted)
rElec   .          Harm     .   (no cloak)
rCorr   .          Rampage  .   (no gloves)
Will    .....                   (no boots)
Stlth   +.........              (no amulet)
HPRegen 0.09/turn               (no ring)
MPRegen 0.10/turn               (no ring)

@: no status effects
A: antennae 1, powered by death 1
a: no special abilities


You were on level 1 of the Dungeon.
You visited 1 branch of the dungeon, and saw 1 of its levels.

You collected 7 gold pieces.

Inventory:

Armour
 a - a +0 robe (worn)
Scrolls
 e - a scroll of vulnerability {unknown}
Potions
 b - a potion of lignification
 c - a potion of curing {unknown}
 d - a potion of resistance {unknown}
 f - a potion of haste {unknown}


   Skills:
 * Level 2.0 Fighting
 - Level 1.7 Dodging
 + Level 2.9 Unarmed Combat
 + Level 2.3 Spellcasting
 + Level 2.1 Transmutations


You had 5 spell levels left.
You knew the following spells:

 Your Spells              Type           Power      Damage    Failure   Level
a - Beastly Appendage     Tmut           16%        N/A       9%          1

Your spell library contained the following spells:

 Spells                   Type           Power      Damage    Failure   Level
 Wereblood                Tmut           8%         N/A       13%         2
 Spider Form              Tmut/Pois      5%         N/A       36%         3
 Ice Form                 Ice/Tmut       5%         N/A       78%         4


Dungeon Overview and Level Annotations

Branches:
Dungeon (1/15)

Altars:


Innate Abilities, Weirdness & Mutations

You have a pair of small antennae on your head.
You regenerate a little health from kills.


Message History

The kobold misses you. The kobold hits you but does no damage.
The kobold hits you but does no damage. The kobold hits you with a +0 dagger.
The kobold misses you.
Your talons disappear.
The kobold hits you with a +0 dagger. The kobold hits you with a +0 dagger.
The kobold hits you with a +0 dagger. The kobold hits you with a +0 dagger.
The kobold barely misses you. The kobold hits you but does no damage.
The kobold closely misses you. The kobold hits you with a +0 dagger.
The kobold closely misses you. The kobold hits you with a +0 dagger.
The kobold hits you but does no damage. The kobold closely misses you.
The kobold closely misses you. The kobold misses you.
The kobold hits you with a +0 dagger. The kobold misses you.
The kobold barely misses you. The kobold barely misses you.
The kobold hits you with a +0 dagger. The kobold hits you with a +0 dagger.
The kobold hits you with a +0 dagger. The kobold barely misses you.
The kobold closely misses you. The kobold closely misses you.
The kobold misses you. The kobold barely misses you.
The kobold hits you with a +0 dagger.
* * * LOW HITPOINT WARNING * * *
The kobold hits you with a +0 dagger.
* * * LOW HITPOINT WARNING * * *
The kobold hits you with a +0 dagger.
* * * LOW HITPOINT WARNING * * *
The kobold hits you with a +0 dagger.
You die...

#. ##..(##...##..#.....
#...##..#.....#....
#.#..#.........####
#......#..####.....
#####..#...#.#.....###.
.................. # #.
#####.............###.
#####..!..$...........
#....@?..........♣♣♣♣.
....#...K......... ♣♣
.# #.............. ♣
#.#............ ♣
#.#........... ♣ .
#.$........ ♣ ##
##........ . .........


You could see a kobold.

Vanquished Creatures
  2 dart slugs (D:1)
  4 bats (D:1)
  An endoplasm (D:1)
  A giant cockroach (D:1)
  2 goblins (D:1)
  4 jackals (D:1)
  3 ball pythons (D:1)
  A frilled lizard (D:1)
  4 kobolds (D:1)
  2 rats (D:1)
24 creatures vanquished.

Notes
Turn   | Place    | Note
-------+----------+-------------------------------------------
     0 | D:1      | Hubjo the Demonspawn Transmuter began the quest for the
                  | Orb.
     0 | D:1      | Reached XP level 1. HP: 15/15 MP: 3/3
   492 | D:1      | Gained mutation: You regenerate a little health from kills.
                  | [demonic ancestry]
   492 | D:1      | Reached XP level 2. HP: 14/21 MP: 3/5
   602 | D:1      | Lost mutation: You have a pair of horns on your head.
                  | [demonic ancestry]
   602 | D:1      | Lost mutation: You have a pair of small horns on your head.
                  | [demonic ancestry]
   602 | D:1      | Gained mutation: You have a pair of small antennae on your
                  | head. [demonic ancestry]
   602 | D:1      | Reached XP level 3. HP: 25/27 MP: 4/6
   637 | D:1      | Slain by a kobold

Illustrated notes

Levels and vault maps discovered:
D:1:      scummos_arrival_hexagon, layout_rooms, nrook_campfire

Skill      XL: |  1  2 |
---------------+-------+-----
Transmutations | 2 |  2.1
Fighting       | 2 |  2.0
Dodging        | |  1.7
Unarmed Combat | |  2.9
Spellcasting   | |  2.3

Action                   || total
-------------------------++-------
Melee: Unarmed           ||    62
       Kick              ||    10
       Headbutt          ||     6
 Cast: Beastly Appendage ||     8
Armor: Robe              ||    21
Dodge: Dodged            ||    63

Table legend: (Time is in decaauts)
 A = Elapsed time spent in this place.
 B = Non-inter-level travel time spent in this place.
 C = Inter-level travel time spent in this place.
 D = Time resting spent in this place.
 E = Time spent auto-exploring this place.
 F = Levels seen in this place.
 G = Mean time per level.
                   A        B        C        D        E       F      G
               +--------+--------+--------+--------+--------+-----+--------+
         Total |    633 |    632 |      1 |      0 |    479 |   1 |  633.0 |
       Dungeon |    633 |    632 |      1 |      0 |    479 |   1 |  633.0 |
               +--------+--------+--------+--------+--------+-----+--------+

Top non-repeatable levels by time:
     D:1: 633 daAuts
